 Dungeon Crawl Stone Soup version 0.27-a0-1513-g2aaa0cc67b (webtiles) character file.

Game seed: 12118593580047358119

18 karkarkar the Chopper (level 2, 0/27 HPs)
             Began as a Minotaur Monk on July 9, 2021.
             Slain by a jackal (3 damage)
             ... on level 1 of the Dungeon.
             The game lasted 00:00:58 (511 turns).

karkarkar the Chopper (Minotaur Monk)                Turns: 511, Time: 00:00:58

Health: 0/27       AC:  2    Str: 15    XL:     2   Next: 51%
Magic:  1/1        EV: 13    Int:  7    God:
Gold:   64         SH:  0    Dex: 12    Spells: 1/1 levels left

rFire    . . .     SeeInvis .   a - +0 hand axe
rCold    . . .     Faith    .   (no shield)
rNeg     . . .     Spirit   .   b - +0 robe
rPois    .         Reflect  .   (helmet restricted)
rElec    .         Harm     .   (no cloak)
rCorr    .         Rampage  .   (no gloves)
Will     .....                  (no boots)
Stlth    ++........             (no amulet)
HPRegen  0.09/turn              (no ring)
MPRegen  0.07/turn              (no ring)

@: no status effects
A: horns 2, retaliatory headbutt
a: no special abilities


You were on level 1 of the Dungeon.
You visited 1 branch of the dungeon, and saw 1 of its levels.

You collected 64 gold pieces.

Inventory:

Hand Weapons
 a - a +0 hand axe (weapon)
Armour
 b - a +0 robe (worn)
Potions
 c - a potion of heal wounds {unknown}


   Skills:
 + Level 3.9 Fighting
 + Level 4.1 Axes
 + Level 3.5 Dodging
 + Level 1.7 Stealth


You had one spell level left.
You didn't know any spells.
Your spell library was empty.

Dungeon Overview and Level Annotations

Branches:
Dungeon (1/15)

Altars:


Innate Abilities, Weirdness & Mutations

You have a pair of horns on your head.
You reflexively headbutt those who attack you in melee.


Message History

You headbutt the hobgoblin, but do no damage.
You hit the hobgoblin.
The hobgoblin is heavily wounded.
The hobgoblin closely misses you.
You hit the hobgoblin.
You kill the hobgoblin!
A jackal comes into view. x2
The jackal barks! x2
You hit the jackal but do no damage.
You hear a bark!
The jackal bites you.
A jackal comes into view.
The jackal barks!
You hit the jackal.
The jackal is almost dead.
The jackal misses you. The jackal bites you.
* * * LOW HITPOINT WARNING * * *
You miss the jackal.
The jackal is almost dead.
The jackal closely misses you.
As you read the scroll labelled ERPHOCL FODGH, it crumbles to dust.
You feel strangely unstable.
It was a scroll of teleportation.
The jackal bites you.
* * * LOW HITPOINT WARNING * * *
The jackal bites you.
* * * LOW HITPOINT WARNING * * *
You see here a rat corpse.
Your surroundings seem slightly different.
Sorry, you're not good enough to have a special ability.
The jackal bites you.
* * * LOW HITPOINT WARNING * * *
You hit the jackal.
You kill the jackal!
You see here a jackal corpse.
You closely miss the goblin. Your headbutt misses the goblin.
The goblin barely misses you.
You closely miss the goblin. You headbutt the goblin.
You kill the goblin!
The jackal bites you.
You die...

#...>.......##########.#.#
.......................#.#
..##.######.#########..#.#
..#..........
####).#.#######
....#.######
#.......†.gJh.##
..#.......# ..
#.......###.g.†.
......###.# ..# #.g...###
#.h)..
........#.###.####..h..#
#.....
.....#....#.#...@hJ.##.#
###+##
.....####.#.#..#######.#
............#..# #.#
#.#######†#.#))## #. ..
#.#.#...# #.......#
###.#.#.# #.#.#.## ###
#.#.#..# #..


You could see an endoplasm, 2 jackals and a goblin.

Vanquished Creatures
  A dart slug (D:1)
  2 ball pythons (D:1)
  2 endoplasms (D:1)
  2 hobgoblins (D:1)
  A jackal (D:1)
  A bat (D:1)
  3 goblins (D:1)
  2 kobolds (D:1)
  3 rats (D:1)
17 creatures vanquished.

Notes
Turn   | Place    | Note
-------+----------+-------------------------------------------
     0 | D:1      | karkarkar the Minotaur Monk began the quest for the Orb.
     0 | D:1      | Reached XP level 1. HP: 19/19 MP: 0/0
   385 | D:1      | Reached XP level 2. HP: 27/27 MP: 1/1
   388 | D:1      | Reached skill level 4 in Axes
   511 | D:1      | Slain by a jackal

Illustrated notes

Levels and vault maps discovered:
D:1:      saegor_arrival_simple_e, layout_basic

Skill      XL: |  1  2 |
---------------+-------+-----
Axes           | 4 |  4.1
Fighting       | |  3.9
Dodging        | |  3.5
Stealth        | |  1.7

Action                   || total
-------------------------++-------
Melee: Hand axe          ||    35
       Headbutt          ||     5
  Use: Scroll            ||     1
 Stab: Sleeping          ||     1
Armor: Robe              ||     2
Dodge: Dodged            ||    27

Table legend: (Time is in decaauts)
 A = Elapsed time spent in this place.
 B = Non-inter-level travel time spent in this place.
 C = Inter-level travel time spent in this place.
 D = Time resting spent in this place.
 E = Time spent auto-exploring this place.
 F = Levels seen in this place.
 G = Mean time per level.
                   A        B        C        D        E       F      G
               +--------+--------+--------+--------+--------+-----+--------+
         Total |    514 |    514 |      0 |      0 |    407 |   1 |  514.0 |
       Dungeon |    514 |    514 |      0 |      0 |    407 |   1 |  514.0 |
               +--------+--------+--------+--------+--------+-----+--------+

Top non-repeatable levels by time:
     D:1: 514 daAuts
